 Dungeon Crawl Stone Soup version 0.26-a0-639-g72c4674329 (webtiles) character file.

Game seed: 9487058970716284181

24546 Borgoz the Grappler (level 13, -1/116 HPs)
             Began as a Ghoul Gladiator on Sept 20, 2020.
             Was a High Priest of Okawaru.
             Slain by an orc
             ... wielding a +0 flail
             ... summoned by an orc knight
              (6 damage)
             ... in a bailey.
             The game lasted 00:25:24 (15011 turns).

Borgoz the Grappler (Ghoul Gladiator)              Turns: 15011, Time: 00:25:25

Health: -1/116     AC: 16    Str: 24    XL:     13   Next: 13%
Magic:  13/15      EV: 25    Int:  3    God:    Okawaru [*****.]
Gold:   833        SH:  0    Dex: 20    Spells: 12/12 levels left

rFire    . . .     SeeInvis .     - Unarmed
rCold    + . .     Faith    +   (no shield)
rNeg     + + +     Spirit   .   I - +4 leather armour of Slovenliness {Str+5}
rPois    ∞         Reflect  .   o - +0 helmet "Odghaiv" {+Blink}
rElec    .         Harm     .   p - +0 cloak
rCorr    .         Rampage  .   (no gloves)
MR       .....                  (no boots)
Stlth    +++.......             B - amulet of faith
HPRegen  0.00/turn              f - +4 ring of protection
MPRegen  0.14/turn              q - +6 ring of dexterity

@: mighty, heroism
A: rotting body, claws 1, cold resistance 1, negative energy resistance 3,
inhibited regeneration, torment resistance, unbreathing
a: Heroism, Finesse, Renounce Religion, Evoke Blink


You were in a bailey.
You worshipped Okawaru.
Okawaru was extremely pleased with you.
You visited 2 branches of the dungeon, and saw 14 of its levels.
You also visited: Sewer and Bailey.

You collected 939 gold pieces.
You spent 106 gold pieces at shops.

Inventory:

Hand Weapons
 A - the +6 spear "Keodae" {vamp, Str+3}
   (You took it off a spriggan on level 9 of the Dungeon)

   It inflicts no extra harm, but heals its wielder when it wounds a living foe.
   It affects your strength (+3).
Missiles
 c - a throwing net (quivered)
Armour
 b - a +2 ring mail of cold resistance
 o - the +0 helmet "Odghaiv" (worn) {+Blink}
   (You found it on level 6 of the Dungeon)

   It lets you blink.
 p - a +0 cloak (worn)
 D - a +0 troll leather armour
 E - a scarf of harm
 G - +0 acid dragon scales
 I - the +4 leather armour of Slovenliness (worn) {Str+5}
   (You took it off an orc on level 11 of the Dungeon)

   It affects your strength (+5).
Jewellery
 f - a +4 ring of protection (left claw)
 q - a +6 ring of dexterity (right claw)
 w - an uncursed ring of protection from fire
 B - an amulet of faith (around neck)
Wands
 d - a wand of flame (14)
 C - a wand of disintegration (13)
 H - a wand of acid (5)
Scrolls
 a - 7 scrolls of enchant weapon
 i - 3 scrolls of summoning
 k - 7 scrolls of teleportation
 m - 2 scrolls of enchant armour {unknown}
 s - 7 scrolls of remove curse
 t - a scroll of fog
 u - 2 scrolls of fear {unknown}
 y - a scroll of amnesia {unknown}
 z - 3 scrolls of brand weapon
Potions
 e - 7 potions of heal wounds
 g - 5 potions of curing
 h - a potion of haste
 j - 4 potions of might
 l - 2 potions of magic
 n - a potion of brilliance
 v - 3 potions of stabbing
 x - 4 potions of flight
 J - a potion of berserk rage {unknown}


   Skills:
 * Level 11.2(16.2) Fighting
 - Level 1.8(6.8) Throwing
 * Level 9.3(14.3) Armour
 * Level 10.5(15.5) Dodging
 * Level 11.4(16.4) Unarmed Combat
 + Level 4.9 Invocations
 - Level 5.0 Evocations


You had 12 spell levels left.
You didn't know any spells.
Your spell library contained the following spells:

 Spells                   Type           Power        Failure   Level
 Magic Dart               Conj           #...         56%         1
 Searing Ray              Conj           #.....       71%         2
 Dazzling Flash           Conj/Hex       #.....       90%         3
 Fulminant Prism          Conj/Hex       #.........   100%        4
 Iskenderun's Mystic Bla  Conj/Tloc      #.......     100%        4
 Bolt of Magma            Conj/Fire/Erth #.........   100%        5
 Iskenderun's Battlesphe  Conj           #.......     100%        5
 Iron Shot                Conj/Erth      #.........   100%        6
 Orb of Destruction       Conj           #.........   100%        7
 Spellforged Servitor     Conj/Summ      #.........   100%        7


Dungeon Overview and Level Annotations

Branches:
Dungeon (13/15)            Temple (1/1) D:4            Lair (0/6) D:11
    Orc (0/2) D:10          Sewer (visited)          Bailey (1/1)
 Vaults: D:13-14

Altars:
Ashenzari
Cheibriados
Dithmenos
Elyvilon
Fedhas
Gozag
Hepliaklqana
Kikubaaqudgha
Makhleb
Nemelex Xobeh
Okawaru
Qazlal
Ru
Sif Muna
Trog
Uskayaw
Vehumet
Wu Jian
Xom
Yredelemnul
Zin
The Shining One

Shops:
D:5 *   D:9 [   D:10 [(

Annotations:
D:10 exclusion: orange crystal statue


Innate Abilities, Weirdness & Mutations

Your body is rotting away.
You thrive by killing the living.
You are immune to poison.
You have sharp fingernails.
Your flesh is cold resistant. (rC+)
You are immune to negative energy. (rN+++)
You do not regenerate when monsters are visible.
You are immune to unholy pain and torment.
You can survive without breathing.


Message History

The orc knight goes into a battle-frenzy!
You closely miss the orc knight.
The orc knight is lightly wounded.
The orc knight hits you with a +0 halberd!!
The orc knight reads a scroll.
Wisps of shadow swirl around the orc knight.
You feel very mighty all of a sudden.
The gnoll shouts! x2
The orc knight hits you with a +0 halberd!!!
* * * LOW HITPOINT WARNING * * *
The orc knight misses you. The orc warrior barely misses you.
The orc completely misses you.
You closely miss the orc knight.
The orc knight is lightly wounded.
You completely miss the orc knight. You claw the orc knight!!
The orc knight is moderately wounded.
The orc knight roars a battlecry!
The orcs go into a battle-frenzy!
The orc hits you with a +0 flail.
You die...

#..).)).#
#..)))..#
#...))..#
#.......#
#..)....#
#.......#
#..).oo.#
##.)oo.##
###@###


#ooo# #oog# #.oo# #.gg# ###'### ##..g..## #.......# #.......# You could see 2
orc knights, an orc warrior (summoned, strong), 2 orc wizards, 4 gnolls and 6
orcs.

Vanquished Creatures
  A hydra (D:12)
  Harold (D:8)
  6 two-headed ogres
  2 centaur warriors (D:13)
  An ogre mage (D:13)
  The ghost of meosjin the Cleaver, a novice DsBe of Trog (D:9)
  3 unseen horrors
  2 orc knights (Bailey)
  A deep elf mage (D:12)
  3 ugly things
  A cyclops (D:11)
  Maggie (D:10)
  A redback zombie (D:12)
  A troll (D:10)
  A hornet (D:13)
  2 hippogriffs
  2 wyverns
  3 spriggans (D:9)
  21 yaks
  Grum (D:8)
  3 vampire mosquitoes (D:13)
  An acid dragon (D:11)
  11 orc warriors
  2 sky beasts
  3 ice beasts
  3 phantoms
  5 wolves
  A black bear (D:9)
  7 ogres
  3 centaurs
  2 big kobolds
  6 bullfrogs
  7 scorpions
  7 wights
  2 howler monkeys
  4 centaur zombies
  3 jellies
  A quasit (D:11)
  3 bullfrog zombies
  8 hounds
  7 orc priests
  3 bullfrog skeletons
  5 centaur skeletons
  7 orc wizards
  A gnoll shaman (D:2)
  6 iguanas
  11 worker ants
  A killer bee zombie (D:7)
  7 gnolls
  14 adders
  A river rat (D:4)
  7 shadow imps
  A white imp (D:10)
  An ufetubus (D:6)
  5 oozes
  An adder zombie (D:5)
  3 worms (D:2)
  A dart slug (D:2)
  5 leopard geckos
  63 orcs
  2 ball pythons
  7 bats
  5 giant cockroaches
  7 goblins
  A hobgoblin (D:3)
  10 jackals
  22 kobolds
  4 quokkas
  3 frilled lizards
  2 jackal skeletons
  A jackal zombie (D:6)
  11 rats
362 creatures vanquished.

Vanquished Creatures (others)
  An orc wizard (D:11)
  A jackal (D:5)
  A fungus (D:9)
  A plant (Sewer)
  2 withered plants (D:5)
6 creatures vanquished.

Grand Total: 368 creatures vanquished

Notes
Turn   | Place    | Note
-------+----------+-------------------------------------------
     0 | D:1      | Borgoz the Ghoul Gladiator began the quest for the Orb.
     0 | D:1      | Reached XP level 1. HP: 17/17 MP: 0/0
   117 | D:1      | Reached XP level 2. HP: 25/25 MP: 1/1
   757 | D:2      | Reached XP level 3. HP: 30/30 MP: 2/2
   768 | D:2      | Noticed a scorpion
   786 | D:2      | Reached skill level 1 in Armour
   786 | D:2      | Reached XP level 4. HP: 26/37 MP: 3/3
   811 | D:2      | Reached XP level 5. HP: 17/45 MP: 4/4
  1017 | D:2      | Found a shimmering blue altar of Sif Muna.
  1159 | D:2      | Found a burning altar of Makhleb.
  1159 | D:2      | Found a basalt altar of Yredelemnul.
  1919 | D:3      | Reached XP level 6. HP: 51/51 MP: 5/5
  2355 | D:4      | Found a glowing drain.
  2463 | Sewer    | Entered a sewer
  2581 | Sewer    | Reached XP level 7. HP: 54/59 MP: 6/6
  2817 | D:4      | Reached skill level 5 in Dodging
  2945 | D:4      | Found a hide-covered altar of Uskayaw.
  3111 | D:4      | Found a staircase to the Ecumenical Temple.
  3154 | D:5      | Entered Level 5 of the Dungeon
  3154 | D:5      | Found a shimmering altar of Xom.
  3160 | D:5      | Reached skill level 5 in Unarmed Combat
  3440 | D:5      | Reached XP level 8. HP: 67/67 MP: 7/7
  3510 | D:5      | Found Taliplo's Assorted Antiques.
  3556 | D:5      | Bought a scroll labeled EROROC GIATIYQ for 28 gold pieces
  3556 | D:5      | Bought an emerald potion for 25 gold pieces
  3556 | D:5      | Bought a scroll labeled FODDEI CIOSM for 28 gold pieces
  3556 | D:5      | Bought a yellow potion for 25 gold pieces
  3755 | D:5      | Reached skill level 5 in Fighting
  4208 | D:6      | You fall into a shaft and drop 1 floor!
  4939 | D:6      | Got a dazzling helmet
  4950 | D:6      | Identified the cursed +0 helmet "Odghaiv" {+Blink} (You
                  | found it on level 6 of the Dungeon)
  5205 | D:7      | Found a sparkling altar of Nemelex Xobeh.
  5256 | D:7      | Reached skill level 1 in Evocations
  5256 | D:7      | Reached XP level 9. HP: 67/75 MP: 8/8
  5904 | D:7      | Noticed a two-headed ogre
  5919 | D:7      | Killed a two-headed ogre
  5919 | D:7      | Reached skill level 5 in Armour
  6640 | D:8      | Noticed Grum
  7014 | D:8      | Reached XP level 10. HP: 86/86 MP: 9/9
  7118 | D:8      | Killed Grum
  7221 | Temple   | Entered the Ecumenical Temple
  7392 | Temple   | Became a worshipper of Warmaster Okawaru
  7707 | D:8      | Found a shattered altar of Ashenzari.
  7781 | D:8      | Found a glowing golden altar of the Shining One.
  7841 | D:8      | Noticed Harold
  7860 | D:8      | Killed Harold
  8209 | D:9      | Noticed a purple ugly thing
  8230 | D:9      | Killed a purple ugly thing
  8230 | D:9      | Reached * piety under Okawaru
  8855 | D:9      | Found Jupraepp's Armour Boutique.
  9039 | D:9      | Found a runed translucent door.
  9041 | D:9      | Noticed meosjin's ghost (novice DsBe)
  9042 | D:9      | Identified the +6 spear "Keodae" {vamp, Str+3}
  9225 | D:9      | Killed meosjin's ghost
  9225 | D:9      | Reached ** piety under Okawaru
  9225 | D:9      | Reached XP level 11. HP: 29/95 MP: 7/10
  9563 | D:10     | Entered Level 10 of the Dungeon
  9647 | D:10     | Found Faest's Weapon Shoppe.
  9655 | D:10     | Found a staircase to the Orcish Mines.
  9655 | D:10     | Found Hamekaa's Armour Shoppe.
  9809 | D:10     | Reached skill level 1 in Invocations
  9814 | D:10     | Reached *** piety under Okawaru
  9926 | D:10     | Noticed an orange crystal statue
 10469 | D:10     | Noticed Maggie
 10494 | D:10     | Killed Maggie
 11752 | D:11     | Identified the +4 leather armour of Slovenliness {Str+5}
 11821 | D:11     | Noticed a cyclops
 11849 | D:11     | Reached **** piety under Okawaru
 11882 | D:11     | Killed a cyclops
 12022 | D:11     | Received a gift from Okawaru
 12088 | D:11     | Found a staircase to the Lair.
 12126 | D:11     | Noticed a white ugly thing
 12143 | D:11     | Killed a white ugly thing
 12410 | D:11     | Reached ***** piety under Okawaru
 12603 | D:12     | Reached skill level 10 in Unarmed Combat
 12767 | D:12     | Received a gift from Okawaru
 12844 | D:12     | Killed an unseen horror
 12844 | D:12     | Reached XP level 12. HP: 77/106 MP: 13/13
 12960 | D:12     | Noticed a two-headed ogre
 12969 | D:12     | Killed a two-headed ogre
 12969 | D:12     | Reached skill level 10 in Fighting
 13504 | D:12     | Noticed a seven-headed hydra
 13513 | D:12     | Killed a seven-headed hydra
 13920 | D:13     | Noticed a two-headed ogre
 13922 | D:13     | Noticed a two-headed ogre
 13923 | D:13     | Noticed a two-headed ogre
 13925 | D:13     | Noticed an ogre mage
 13928 | D:13     | Killed a two-headed ogre
 13928 | D:13     | Reached skill level 5 in Evocations
 13930 | D:13     | Noticed a two-headed ogre
 14044 | D:13     | HP: 1/107 [something (11)]
 14053 | D:13     | Noticed a centaur warrior
 14059 | D:13     | Noticed a centaur warrior
 14077 | D:13     | Killed a centaur warrior
 14077 | D:13     | Received a gift from Okawaru
 14086 | D:13     | Found a flagged portal.
 14087 | D:13     | Reached skill level 10 in Dodging
 14098 | D:13     | Killed a centaur warrior
 14128 | D:13     | Killed a two-headed ogre
 14131 | D:13     | HP: 5/108 [two-headed ogre/+0 giant spiked club (17)]
 14132 | D:13     | Killed a two-headed ogre
 14190 | D:13     | Killed a two-headed ogre
 14190 | D:13     | Reached XP level 13. HP: 7/116 MP: 13/15
 14195 | D:13     | HP: 5/116 [something (5)]
 14234 | Bailey   | Entered a bailey
 15009 | Bailey   | HP: 5/116 [orc knight/+0 halberd (45)]
 15011 | Bailey   | Slain by an orc

Illustrated notes

Levels and vault maps discovered:
D:1:      ebering_trefoil_3fold, layout_basic, corexii_leaking_fountain
D:2:      layout_rooms, lemuel_doored_altar, gammafunk_temple_overflow_wave
D:3:      layout_loops_corners, minmay_quadrilaterals
D:4:      layout_rooms, eat_drink_and_be_merry_uskayaw,
          minmay_temple_entry_fiery, portal_sewer_entry_a
D:5:      layout_loops_ring, serial_undead, serial_undead_e, serial_undead_b,
          serial_undead_c, serial_undead_b, serial_shops, kennysheep_mini_moat,
          xom_confusion_cloud
D:6:      layout_gridville
D:7:      layout_basic, nemelex_xobeh_ov_fountains_minmay
D:8:      layout_rooms, lemuel_coloured_pillars_altar, old_standard_altar,
          uniq_harold, uniq_grum
D:9:      layout_rooms, serial_shops, shop, ebering_ghost_funeral_grove,
          chequers_serial_rivers_small_a
D:10:     layout_basic, orc_david_3, minmay_protected_statue, uniq_maggie
D:11:     layout_roguey, lair_entry_dummy
D:12:     layout_stronghold
D:13:     layout_rooms, enter_bailey_7, minivault_25_ag
Temple:   regret_index_temple_waves
Bailey:   bailey_polearm_5, bailey

Skill      XL: |  1  2  3  4  5  6  7  8  9 10 11 12 |
---------------+-------------------------------------+-----
Dodging        | 3 4 5 6 7 8 9 10 | 10.5
Armour         | 1 2 3 4 5 6 8 9 |  9.3
Fighting       | 3 4 5 7 8 9 11 | 11.2
Unarmed Combat | 4 5 6 7 8 10 11 | 11.4
Evocations     | 1 2 3 4 5 |  5.0
Invocations    | 3 4 |  4.9
Throwing       | |  1.8

Action                   |  1- 3 |  4- 6 |  7- 9 | 10-12 | 13-15 || total
-------------------------+-------+-------+-------+-------+-------++-------
Melee: Unarmed           |    65 |   223 |   445 |   737 |    92 ||  1562
       Punch             |     1 |     7 |    17 |    59 |     9 ||    93
Throw: Throwing net      |       |       |     1 |     5 |       ||     6
Invok: Heroism           |       |       |       |    11 |     2 ||    13
Evoke: Wand              |       |       |       |     1 |     3 ||     4
  Use: Potion            |       |     1 |     3 |    10 |     2 ||    16
       Scroll            |       |    12 |     6 |     4 |     1 ||    23
 Stab: Held in net/web   |       |       |       |     6 |       ||     6
       Sleeping          |       |       |       |     2 |       ||     2
Armor: Ring mail         |    23 |   122 |   213 |   112 |       ||   470
       Leather armour    |       |       |       |   112 |    16 ||   128
       Steam dragon scal |       |       |       |    24 |       ||    24
Dodge: Dodged            |    48 |   225 |   446 |   699 |   146 ||  1564

Table legend: (Time is in decaauts)
 A = Elapsed time spent in this place.
 B = Non-inter-level travel time spent in this place.
 C = Inter-level travel time spent in this place.
 D = Time resting spent in this place.
 E = Time spent auto-exploring this place.
 F = Levels seen in this place.
 G = Mean time per level.
                   A        B        C        D        E       F      G
               +--------+--------+--------+--------+--------+-----+--------+
         Total |  14779 |  14133 |    646 |   2655 |   8621 |  16 |  923.7 |
       Dungeon |  13465 |  12877 |    588 |   2255 |   8164 |  13 | 1035.8 |
        Temple |    229 |    171 |     58 |      0 |    164 |   1 |  229.0 |
         Sewer |    326 |    326 |      0 |      0 |    181 |   1 |  326.0 |
        Bailey |    757 |    757 |      0 |    400 |    112 |   1 |  757.0 |
               +--------+--------+--------+--------+--------+-----+--------+

Top non-repeatable levels by time:
    D:10: 1828 daAuts
     D:7: 1550 daAuts
    D:12: 1456 daAuts
     D:9: 1321 daAuts
     D:8: 1155 daAuts
     D:5: 1017 daAuts
    D:11: 1013 daAuts
     D:6: 967 daAuts
     D:3: 848 daAuts
     D:4: 822 daAuts
  Bailey: 757 daAuts
     D:1: 666 daAuts
     D:2: 567 daAuts
   Sewer: 326 daAuts
    D:13: 249 daAuts
